 Dungeon Crawl Stone Soup version 0.28.0-62-gf88900778d (webtiles) character file.

Game seed: 2968925775068583261

7301 cbfl8 the Spear-Bearer (level 11, -4/83 HPs)
             Began as a Merfolk Berserker on June 21, 2023.
             Was an Elder of Trog.
             Slain by a wyvern (11 damage)
             ... on level 9 of the Dungeon.
             The game lasted 00:19:07 (11940 turns).

cbfl8 the Spear-Bearer (Merfolk Berserker)         Turns: 11940, Time: 00:19:08

Health: -4/83      AC: 21    Str: 20    XL:     11   Next: 13%
Magic:  11/11      EV:  8    Int:  6    God:    Trog [****..]
Gold:   845        SH:  0    Dex: 16    Spells: 10/10 levels left

rFire   . . .      SeeInvis .   v - +0 bardiche
rCold   . . .      Faith    .   (shield currently unavailable)
rNeg    . . .      Spirit   .   D - +0 plate armour {Will+}
rPois   .          Reflect  .   o - +0 helmet
rElec   .          Harm     .   k - +0 cloak
rCorr   +          Rampage  .   A - +0 pair of gloves
Will    +....                   (no boots)
Stlth   ..........              a - amulet of regeneration
HPRegen 1.03/turn               i - +4 ring of protection
MPRegen 0.12/turn               z - ring of resist corrosion

@: no status effects
A: (nimble swimmer 2), mertail
a: Renounce Religion, Berserk, Trog's Hand, Brothers in Arms


You were on level 9 of the Dungeon.
You worshipped Trog.
Trog was greatly pleased with you.
You visited 1 branch of the dungeon, and saw 9 of its levels.
You also visited: Bailey.

You collected 845 gold pieces.

Inventory:

Hand Weapons
 v - a +0 bardiche (weapon)
 w - a +0 trident
 B - the +4 spear of the End {vorpal, *Rage Drain +Blink Int+7}
   (You found it on level 7 of the Dungeon)

   It inflicts extra damage upon your enemies.
   Int:       It affects your intelligence (+7).
   +Blink:    It lets you blink.
   *Rage:     It berserks you when you make melee attacks (+20% chance).
   Drain:     It drains your maximum health when unequipped.
Armour
 k - a +0 cloak (worn)
 o - a +0 helmet (worn)
 A - a +0 pair of gloves (worn)
 D - a +0 plate armour of willpower (worn)
Jewellery
 a - an amulet of regeneration (around neck)
 i - a +4 ring of protection (left hand)
 x - a ring of flight
 y - a ring of fire
 z - a ring of resist corrosion (right hand)
Wands
 l - a wand of iceblast (7) (quivered)
Scrolls
 f - 4 scrolls of immolation
 h - a scroll of enchant weapon
 m - a scroll of enchant armour
 q - a scroll of fog
 s - 3 scrolls of magic mapping
Potions
 b - a potion of heal wounds
 c - 4 potions of mutation
 d - a potion of lignification
 e - a potion of might
 n - a potion of cancellation
 r - a potion of ambrosia
 t - a potion of flight
 u - 2 potions of berserk rage


   Skills:
 + Level 6.8 Fighting
 + Level 14.4 Polearms
 * Level 7.7 Armour
 + Level 4.1 Dodging
 + Level 1.8 Stealth
 * Level 7.1 Evocations


You had 10 spell levels left.
You didn't know any spells.
Your spell library was empty.

Dungeon Overview and Level Annotations

Branches:
Dungeon (9/15)             Temple (0/1) D:7            Lair (0/6) D:8
 Bailey (visited)
    Orc: D:9-12

Altars:
Ashenzari
Yredelemnul
The Shining One


Innate Abilities, Weirdness & Mutations

((You are very nimble when in or above water. (Stealth+, EV+, Speed+++)))
Your lower body shifts to a powerful aquatic tail in water.


Message History

The gnoll shaman hits you but does no damage.
The wyvern bites you but does no damage.
You climb downwards.
There is a stone staircase leading up, spattered with blood here.
You are too injured to fight recklessly!
Unknown command.
You are too injured to fight recklessly!
Unknown command.
You are too injured to fight recklessly!
Unknown command.
You are too injured to fight recklessly!
You slash the gnoll shaman!
The gnoll shaman is moderately wounded.
The wyvern bites you but does no damage.
The gnoll shaman hits you but does no damage.
The wyvern bites you.
The gnoll shaman hits you but does no damage.
You slice the gnoll shaman!!
You kill the gnoll shaman!
Trog accepts your kill. The wyvern closely misses you. The wyvern bites you!
Items here: $ ( ))) [ †.
You hit the wyvern.
The wyvern is lightly wounded.
The wyvern bites you. The wyvern bites you!
* * * LOW HITPOINT WARNING * * *
You closely miss the wyvern.
The wyvern is lightly wounded.
The wyvern bites you but does no damage.
The wyvern bites you!
* * * LOW HITPOINT WARNING * * *
You closely miss the wyvern.
The wyvern is lightly wounded.
The wyvern bites you but does no damage.
You barely miss the wyvern.
The wyvern is lightly wounded.
The wyvern bites you!
* * * LOW HITPOINT WARNING * * *
The wyvern bites you!
You die... #. #. #. #. #. #. #.####### #.@l†...# #######.#

You could see a wyvern.

Vanquished Creatures
  3 death yaks (D:7)
  2 orc knights (Bailey)
  Joseph (D:7)
  A hornet (D:7)
  Prince Ribbit (D:7)
  Sigmund (D:3)
  2 yaks (D:9)
  A water moccasin (D:5)
  2 ice beasts
  4 orc warriors
  A hornet zombie (D:8)
  A necrophage (D:5)
  2 ogres (D:5)
  3 phantoms
  A bullfrog (D:9)
  14 kobold brigands
  Blork the orc (D:6)
  A water moccasin skeleton (D:4)
  6 killer bees (D:8)
  A howler monkey (D:9)
  2 centaur zombies
  2 lava snakes (D:8)
  A bullfrog zombie (D:5)
  2 centaur skeletons
  5 hounds
  An orc priest (D:4)
  A gnoll shaman (D:9)
  Terence (D:3)
  An iguana (D:5)
  3 orc wizards
  A hell rat (D:7)
  A killer bee zombie (D:6)
  A hound skeleton (D:4)
  2 howler monkey zombies
  Robin (D:3)
  8 gnolls
  6 adders
  A river rat (D:8)
  An ufetubus (D:4)
  A worm (D:5)
  3 dart slugs
  27 orcs
  6 bats
  5 endoplasms
  3 giant cockroaches
  14 goblins
  11 hobgoblins
  5 jackals
  4 quokkas
  3 ball pythons
  7 frilled lizards
  29 kobolds
  8 rats
216 creatures vanquished.

Notes
Turn   | Place    | Note
-------+----------+-------------------------------------------
     0 | D:1      | cbfl8 the Merfolk Berserker began the quest for the Orb.
     0 | D:1      | Reached XP level 1. HP: 18/18 MP: 1/1
   327 | D:1      | Reached XP level 2. HP: 24/24 MP: 2/2
   697 | D:1      | Found a faded altar of an unknown god.
   940 | D:1      | Reached XP level 3. HP: 29/29 MP: 3/3
   945 | D:1      | Reached skill level 5 in Polearms
  1667 | D:2      | Found a broken altar of Ashenzari.
  1756 | D:2      | Reached skill level 1 in Evocations
  1789 | D:2      | Reached ** piety under Trog
  1934 | D:2      | Reached XP level 4. HP: 36/36 MP: 4/4
  2175 | D:3      | Found a glowing golden altar of the Shining One.
  2356 | D:3      | Reached skill level 1 in Stealth
  2373 | D:3      | Reached skill level 6 in Polearms
  2373 | D:3      | Reached XP level 5. HP: 29/42 MP: 5/5
  2630 | D:3      | Noticed Sigmund
  2657 | D:3      | Killed Sigmund
  2658 | D:3      | Reached skill level 7 in Polearms
  2658 | D:3      | Reached XP level 6. HP: 24/48 MP: 6/6
  3075 | D:3      | Noticed Robin
  3095 | D:3      | Killed Robin
  3189 | D:3      | Noticed Terence
  3210 | D:3      | Killed Terence
  3939 | D:4      | Reached skill level 8 in Polearms
  3975 | D:4      | Reached *** piety under Trog
  3992 | D:4      | Found a broken altar of Ashenzari.
  4035 | D:4      | Reached XP level 7. HP: 52/54 MP: 7/7
  4857 | D:5      | Entered Level 5 of the Dungeon
  5219 | D:5      | Reached skill level 9 in Polearms
  5646 | D:5      | Reached XP level 8. HP: 15/60 MP: 8/8
  6568 | D:5      | Found a basalt altar of Yredelemnul.
  6600 | D:5      | Reached skill level 10 in Polearms
  6959 | D:6      | Noticed Blork the orc
  6966 | D:6      | Killed Blork the orc
  7773 | D:7      | Reached XP level 9. HP: 43/67 MP: 9/9
  8034 | D:7      | Noticed Joseph
  8043 | D:7      | Killed Joseph
  8044 | D:7      | Reached skill level 5 in Fighting
  8044 | D:7      | Reached skill level 11 in Polearms
  8044 | D:7      | Reached skill level 5 in Armour
  8826 | D:7      | Noticed Prince Ribbit
  8831 | D:7      | Killed Prince Ribbit
  9023 | D:7      | Found a staircase to the Ecumenical Temple.
  9116 | D:7      | Identified the +4 spear of the End {vorpal, *Rage Drain
                  | +Blink Int+7}
  9262 | D:8      | Found a flagged portal.
  9281 | D:8      | Identified the +9 hand axe of Kogat {pain, rPois Int+3}
  9312 | D:8      | Noticed a death yak
  9315 | D:8      | Noticed a death yak
  9325 | Bailey   | Entered a bailey
  9406 | Bailey   | Reached skill level 5 in Evocations
  9552 | Bailey   | Noticed an orc knight
  9566 | Bailey   | Killed an orc knight
  9567 | Bailey   | Reached skill level 12 in Polearms
  9679 | Bailey   | Reached XP level 10. HP: 72/76 MP: 10/10
  9701 | Bailey   | Noticed an orc knight
  9709 | Bailey   | Killed an orc knight
  9710 | Bailey   | Reached skill level 13 in Polearms
  9869 | Bailey   | Found a burning altar of Makhleb.
  9913 | D:8      | Noticed a death yak
  9927 | D:7      | Paralysed by a hornet for 2 turns
 10138 | D:8      | Reached **** piety under Trog
 10177 | D:8      | Noticed a two-headed ogre
 10271 | D:7      | Paralysed by a hornet for 3 turns
 10528 | D:7      | Killed a death yak
 10913 | D:8      | Found a staircase to the Lair.
 11186 | D:7      | Killed a death yak
 11187 | D:7      | Reached skill level 14 in Polearms
 11452 | D:7      | Killed a death yak
 11453 | D:7      | Reached XP level 11. HP: 83/83 MP: 11/11
 11940 | D:9      | Slain by a wyvern

Illustrated notes

Levels and vault maps discovered:
D:1:      minmay_arrival_plants_in_alcoves, layout_basic,
          shapermc_ecumenical_altar_ellora, nrook_campfire,
          chequers_serial_rivers_micro_a
D:2:      layout_basic, basic_altar, palyth_stone_intersect, minmay_misc_feat_x
D:3:      layout_basic, nicolae_tso_carved_into_rock, uniq_terence, uniq_robin,
          uniq_sigmund
D:4:      layout_layer_cave, ashenzari_altar_1
D:5:      layout_cave_pools, kennysheep_mini_moat, st_stairs_3,
          hangedman_abyss_or_decor_jellyfish_corner
D:6:      layout_loops_ring, uniq_blork_the_orc
D:7:      layout_loops_corners, minmay_temple_entry_metal_lava, uniq_joseph,
          uniq_prince_ribbit1
D:8:      layout_gridville, dpeg_lair_monsters, enter_bailey_2,
          minmay_misc_feat_columns, nicolae_lava_and_water,
          kennysheep_kite_vault
D:9:      layout_loops_ring, general_overflow_altar, minmay_orc_entry_guard_dogs

Skill      XL: |  1  2  3  4  5  6  7  8  9 10 |
---------------+-------------------------------+-----
Polearms       | 5 6 7 8 9 10 12 14 | 14.4
Dodging        | 3 4 |  4.1
Evocations     | 1 2 3 5 7 |  7.1
Stealth        | 1 |  1.8
Armour         | 2 3 4 6 7 |  7.7
Fighting       | 4 5 6 |  6.8

Action                   |  1- 3 |  4- 6 |  7- 9 | 10-12 || total
-------------------------+-------+-------+-------+-------++-------
Melee: Spear             |   124 |   221 |   115 |       ||   460
       Punch             |       |     4 |     2 |     2 ||     8
       Bardiche          |       |       |   204 |   147 ||   351
       Tailslap          |       |       |     4 |     3 ||     7
       Trident           |       |       |       |    64 ||    64
Invok: Berserk           |     1 |     2 |     4 |     5 ||    12
       Trog's Hand       |       |     1 |       |       ||     1
Evoke: Wand              |       |       |     7 |     6 ||    13
  Use: Scroll            |       |     5 |     8 |     7 ||    20
       Potion            |       |       |     1 |     2 ||     3
 Stab: Sleeping          |     1 |       |       |       ||     1
       Distracted        |     1 |       |       |       ||     1
Armor: Animal skin       |    15 |       |       |       ||    15
       Chain mail        |     6 |    71 |       |       ||    77
       Plate armour      |       |    26 |   253 |   290 ||   569
Dodge: Dodged            |    45 |    70 |   122 |   164 ||   401
